AoeStats
← 台北順起來

Nomad

511031553Analyzed
3v3 RM · 6h ago on Oct 3, 2026· 35m 18s· 6 players
Game mode
Random Map
Map size
210×210
Population
200
Speed
Normal
Resources
Standard
Victory
Conquest
Starting age
Dark Age
Ending age
Imperial Age
RankedLock teamsTeams togetherTeam positionsShared explorationLock speedFull tech treeHidden civsTurbo modeCheats
Victory
Defeat
🇹🇼 Japanese · Taiwan
1087
+14
🇹🇼 Danes · Taiwan
1081
+14
🇹🇼 Varangians · Taiwan
1052
+16
🇬🇧 Aztecs · United Kingdom
1085
-16
🇪🇸 Celts · Spain
1056
-15
🇪🇸 Persians · Spain
1000
-13
Chexco9004
4:48 Loom
15:09 Feudal Age
19:53 Castle Age
17:51 Gold Mining
25:41 Scale Barding Armor
25:47 Forging
26:04 Husbandry
Yogensya7784
10:46 Loom
12:56 Feudal Age
13:22 Fishing Lines
19:23 Castle Age
17:44 Double-Bit Axe
19:13 Forging
19:04 Scale Mail Armor
19:28 Eagle Warrior
20:10 Squires
20:13 Gillnets
21:57 Chain Mail Armor
25:33 Bow Saw
26:00 Iron Casting
27:06 Fletching
27:05 Gambesons
27:34 Gold Mining
30:40 Wheelbarrow
29:50 Town Watch
33:22 Imperial Age
31:33 Wheelbarrow
Karlos
14:59 Feudal Age
20:27 Castle Age
18:54 Stone Mining
18:56 Gold Mining
20:52 Double-Bit Axe
21:18 Horse Collar
25:03 Wheelbarrow
28:34 Scale Barding Armor
28:40 Forging
29:03 Bow Saw
29:40 Heavy Plow
34:41 Chain Barding Armor
34:57 Iron Casting
37:35 Imperial Age
35:24 Hand Cart
sky2551230
7:39 Loom
14:29 Feudal Age
16:12 Double-Bit Axe
18:30 Castle Age
16:54 Fishing Lines
17:17 Gold Mining
19:29 Gillnets
21:50 Bow Saw
22:05 Forging
23:59 Wheelbarrow
24:36 Scale Mail Armor
27:02 Chain Mail Armor
31:37 Iron Casting
36:40 Imperial Age
36:13 Gold Shaft Mining
Player Disconnected.
5:07 Loom
13:43 Feudal Age
14:37 Double-Bit Axe
18:02 Wheelbarrow
17:53 Fishing Lines
20:06 Gold Mining
23:04 Castle Age
21:01 Stone Mining
24:02 Medium Warships
27:51 Clinker Construction
27:53 Careening
28:33 Fletching
29:01 Siphons
29:42 Squires
29:28 Gambesons
34:20 Imperial Age
34:39 Forging
34:29 Scale Mail Armor
36:12 Ballistics
台北順起來
4:28 Loom
14:01 Feudal Age
15:24 Double-Bit Axe
16:57 Wheelbarrow
19:27 Castle Age
17:33 Gold Mining
17:37 Fishing Lines
20:29 Bow Saw
21:05 Gillnets
21:30 Medium Warships
22:41 Gillnets
23:05 Stone Mining
28:45 Stone Shaft Mining
29:04 Man-at-Arms
29:29 Gambesons
29:09 Hamask
30:40 Gold Shaft Mining
30:57 Ballistics
32:21 Long Swordsman
33:04 Squires
32:49 Arson
Connection lost

Rejoining the realm…

Still unreachable

The connection could not be restored.

Session expired

The server has moved on; the page needs a fresh start.